Workbook

Sheet Daten
A1: Datum | B1: Monatliche Ausgaben | C1: Monatliche Einnahmen | E1: Datum | F1: Monatlicher-Überschuss
A2: 44562 | B2: =Januar!C2 -> 5 | C2: =Januar!D2 -> 5 | E2: 44562 | F2: =Januar!B2 -> 0
A3: 44620 | B3: =Februar!C2 -> 15 | C3: =Februar!D2 -> 0 | E3: 44620 | F3: =Februar!B2 -> -15
A4: 44651 | B4: =März!C2 -> 6.46 | C4: =März!D2 -> 0 | E4: 44651 | F4: =März!B2 -> -21.46
A5: 44680 | B5: =April!C2 -> 4.99 | C5: =April!D2 -> 0 | E5: 44680 | F5: =April!B2 -> -26.45
A6: 44712 | B6: =Mai!C2 -> 0.3 | C6: =Mai!D2 -> 0 | E6: 44712 | F6: =Mai!B2 -> -26.75
A7: 44742 | B7: =Juni!C2 -> 9 | C7: =Juni!D2 -> 0 | E7: 44742 | F7: =Juni!B2 -> -35.75
A8: 44771 | B8: =Juli!C2 -> 25 | C8: =Juli!D2 -> 0 | E8: 44771 | F8: =Juli!B2 -> -60.75
A9: 44804 | B9: =August!C2 -> 19 | C9: =August!D2 -> 0 | E9: 44804 | F9: =August!B2 -> -79.75
A10: 44834 | B10: =September!C2 -> 0 | C10: =September!D2 -> 190 | E10: 44834 | F10: =September!B2 -> 110.25
A11: 44865 | B11: =Oktober!C2 -> 4.2 | C11: =Oktober!D2 -> 0 | E11: 44865 | F11: =Oktober!B2 -> 106.05
A12: 44895 | B12: =November!C2 -> 0 | C12: =November!D2 -> 15 | E12: 44895 | F12: =November!B2 -> 121.05
A13: 44925 | B13: =Dezember!C2 -> 5 | C13: =Dezember!D2 -> 0 | E13: 44925 | F13: =Dezember!B2 -> 116.05
A15: Zeilenbeschriftungen | B15: Monatliche-Ausgaben | C15: Monatliche-Einnahmen | E15: Zeilenbeschriftungen | F15: Summe von Monatlicher-Überschuss
A16: Jan | B16: 5 | C16: 5 | E16: Jan | F16: 0
A17: Feb | B17: 15 | C17: 0 | E17: Feb | F17: -15
A18: Mrz | B18: 6.46 | C18: 0 | E18: Mrz | F18: -21.46
A19: Apr | B19: 4.99 | C19: 0 | E19: Apr | F19: -26.45
A20: Mai | B20: 0.3 | C20: 0 | E20: Mai | F20: -26.75
A21: Jun | B21: 9 | C21: 0 | E21: Jun | F21: -35.75
A22: Jul | B22: 25 | C22: 0 | E22: Jul | F22: -60.75
A23: Aug | B23: 19 | C23: 0 | E23: Aug | F23: -79.75
A24: Sep | B24: 0 | C24: 190 | E24: Sep | F24: 110.25
A25: Okt | B25: 4.2 | C25: 0 | E25: Okt | F25: 106.05
A26: Nov | B26: 0 | C26: 15 | E26: Nov | F26: 121.05
A27: Dez | B27: 5 | C27: 0 | E27: Dez | F27: 116.05
A28: Gesamtergebnis | B28: 93.95 | C28: 210 | E28: Gesamtergebnis | F28: 187.49

Sheet Dashboard

Sheet Tabelle2
C1: Kategorie | D1: Ausgaben | E1: Einnahmen | F1: Verwendungszweck
B2: Mappe3 | D2: =Februar!$C$5 -> 15
A3: 44607 | D3: =SUM(D2) -> 15
B4: Mappe3 | D4: =Januar!$C$5 -> 5 | E4: =Januar!$D$5 -> 5
A5: 44562 | D5: =SUM(D4) -> 5 | E5: =SUM(E4) -> 5

Sheet Januar
A1: Januar, 2022 | B1: Monatlicher-Überschuss | C1: Monatliche-Ausgaben | D1: Monatliche-Einnahmen | E1: Überschuss-Letzter Monat
B2: =D2+E2-C2 -> 0 | C2: =SUM(C5:C1048576) -> 5 | D2: =SUM(D5:D1048576) -> 5
A4: Datum | B4: Kategorie | C4: Ausgaben | D4: Einnahmen | E4: Verwendungszweck
A5: 44562 | B5: Kontoauflösung | C5: 5 | D5: 5 | E5: Restbestände

Sheet Februar
A1: Februar, 2022 | B1: Monatlicher-Überschuss | C1: Monatliche-Ausgaben | D1: Monatliche-Einnahmen | E1: Überschuss-Letzter Monat
B2: =D2+E2-C2 -> -15 | C2: =SUM(C5:C1048576) -> 15 | D2: =SUM(D5:D1048576) -> 0 | E2: =Januar!B2 -> 0
A4: Datum | B4: Kategorie | C4: Ausgaben | D4: Einnahmen | E4: Verwendungszweck
A5: 44607 | B5: Lebensmittel | C5: 15 | E5: Lebensmittel

Sheet März
A1: März, 2022 | B1: Monatlicher-Überschuss | C1: Monatliche-Ausgaben | D1: Monatliche-Einnahmen | E1: Überschuss-Letzter Monat
B2: =D2+E2-C2 -> -21.46 | C2: =SUM(C5:C1048576) -> 6.46 | D2: =SUM(D5:D1048576) -> 0 | E2: =Februar!B2 -> -15
A4: Datum | B4: Kategorie | C4: Ausgaben | D4: Einnahmen | E4: Verwendungszweck
A5: 44621 | B5: Lebensmittel | C5: 6.46 | E5: Lebensmittel

Sheet April
A1: April, 2022 | B1: Monatlicher-Überschuss | C1: Monatliche-Ausgaben | D1: Monatliche-Einnahmen | E1: Überschuss-Letzter Monat
B2: =D2+E2-C2 -> -26.45 | C2: =SUM(C5:C1048576) -> 4.99 | D2: =SUM(D5:D1048576) -> 0 | E2: =März!B2 -> -21.46
A4: Datum | B4: Kategorie | C4: Ausgaben | D4: Einnahmen | E4: Verwendungszweck
A5: 44652 | B5: Sonstige Ausgaben | C5: 4.99 | E5: DHL Versandkosten

Sheet Mai
A1: Mai, 2022 | B1: Monatlicher-Überschuss | C1: Monatliche-Ausgaben | D1: Monatliche-Einnahmen | E1: Überschuss-Letzter Monat
B2: =D2+E2-C2 -> -26.75 | C2: =SUM(C5:C1048576) -> 0.3 | D2: =SUM(D5:D1048576) -> 0 | E2: =April!B2 -> -26.45
A4: Datum | B4: Kategorie | C4: Ausgaben | D4: Einnahmen | E4: Verwendungszweck
A5: 44683 | B5: Versandkosten | C5: 0.3 | E5: Briefmarken

Sheet Juni
A1: Juni, 2022 | B1: Monatlicher-Überschuss | C1: Monatliche-Ausgaben | D1: Monatliche-Einnahmen | E1: Überschuss-Letzter Monat
B2: =D2+E2-C2 -> -35.75 | C2: =SUM(C5:C1048576) -> 9 | D2: =SUM(D5:D1048576) -> 0 | E2: =Mai!B2 -> -26.75
A4: Datum | B4: Kategorie | C4: Ausgaben | D4: Einnahmen | E4: Verwendungszweck
A5: 44713 | B5: Mobilität | C5: 9 | E5: 9€ Ticket

Sheet Juli
A1: Juli, 2022 | B1: Monatlicher-Überschuss | C1: Monatliche-Ausgaben | D1: Monatliche-Einnahmen | E1: Überschuss-Letzter Monat
B2: =D2+E2-C2 -> -60.75 | C2: =SUM(C5:C1048576) -> 25 | D2: =SUM(D5:D1048576) -> 0 | E2: =Juni!B2 -> -35.75
A4: Datum | B4: Kategorie | C4: Ausgaben | D4: Einnahmen | E4: Verwendungszweck
A5: 44743 | B5: Hobbys | C5: 25

Sheet August
A1: August, 2022 | B1: Monatlicher-Überschuss | C1: Monatliche-Ausgaben | D1: Monatliche-Einnahmen | E1: Überschuss-Letzter Monat
B2: =D2+E2-C2 -> -79.75 | C2: =SUM(C5:C1048576) -> 19 | D2: =SUM(D5:D1048576) -> 0 | E2: =Juli!B2 -> -60.75
A4: Datum | B4: Kategorie | C4: Ausgaben | D4: Einnahmen | E4: Verwendungszweck
A5: 44774 | B5: Hobbys | C5: 19

Sheet September
A1: September, 2022 | B1: Monatlicher-Überschuss | C1: Monatliche-Ausgaben | D1: Monatliche-Einnahmen | E1: Überschuss-Letzter Monat
B2: =D2+E2-C2 -> 110.25 | C2: =SUM(C5:C1048576) -> 0 | D2: =SUM(D5:D1048576) -> 190 | E2: =August!B2 -> -79.75
A4: Datum | B4: Kategorie | C4: Ausgaben | D4: Einnahmen | E4: Verwendungszweck
A5: 44805 | B5: Sonstige Einnahmen | D5: 190

Sheet Oktober
A1: Oktober, 2022 | B1: Monatlicher-Überschuss | C1: Monatliche-Ausgaben | D1: Monatliche-Einnahmen | E1: Überschuss-Letzter Monat
B2: =D2+E2-C2 -> 106.05 | C2: =SUM(C5:C1048576) -> 4.2 | D2: =SUM(D5:D1048576) -> 0 | E2: =September!B2 -> 110.25
A4: Datum | B4: Kategorie | C4: Ausgaben | D4: Einnahmen | E4: Verwendungszweck
A5: 44838 | B5: Lebensmittel | C5: 4.2 | E5: Einkauf

Sheet November
A1: November, 2022 | B1: Monatlicher-Überschuss | C1: Monatliche-Ausgaben | D1: Monatliche-Einnahmen | E1: Überschuss-Letzter Monat
B2: =D2+E2-C2 -> 121.05 | C2: =SUM(C5:C1048576) -> 0 | D2: =SUM(D5:D1048576) -> 15 | E2: =Oktober!B2 -> 106.05
A4: Datum | B4: Kategorie | C4: Ausgaben | D4: Einnahmen | E4: Verwendungszweck
A5: 44867 | B5: Bargeldeinzahlungen | D5: 15 | E5: Bargeldeinzahlung

Sheet Dezember
A1: Dezember, 2022 | B1: Monatlicher-Überschuss | C1: Monatliche-Ausgaben | D1: Monatliche-Einnahmen | E1: Überschuss-Letzter Monat
B2: =D2+E2-C2 -> 116.05 | C2: =SUM(C5:C1048576) -> 5 | D2: =SUM(D5:D1048576) -> 0 | E2: =November!B2 -> 121.05
A4: Datum | B4: Kategorie | C4: Ausgaben | D4: Einnahmen | E4: Verwendungszweck
A5: 44896 | B5: Musik-Streaming | C5: 5 | E5: Spotify

Sheet Drop Down Menü, Kategorien
A1: Kategorien
A2: Abos
A3: Anwaltskosten
A4: Ausbildung/Bildung
A5: Ausgehen
A6: Auto/Benzin
A7: Bargeldauszahlungen
A8: Bargeldeinzahlungen
A9: Cloud-Speicher
A10: Dienstleistungen
A11: Förderungen
A12: Games
... A52: Kontoauflösung
